 Dungeon Crawl Stone Soup version 0.28-b1-78-gc65acfa365 (webtiles) character file.

Game seed: 14358269576411989570

17726 Araneus the Basher (level 12, -3/86 HPs)
             Began as a Demonspawn Gladiator on Feb 4, 2022.
             Was a High Priest of Okawaru.
             Slain by a minotaur (5 damage)
             ... in a Gauntlet.
             The game lasted 00:44:27 (14206 turns).

Araneus the Basher (Demonspawn Gladiator)          Turns: 14206, Time: 00:44:28

Health: -3/86      AC: 18    Str: 19    XL:     12   Next: 21%
Magic:  0/15       EV:  4    Int: 10    God:    Okawaru [*****.]
Gold:   508        SH: 29    Dex: 15    Spells: 11/11 levels left

rFire   + + .      SeeInvis .   r - +6 whip (elec)
rCold   + . .      Faith    .   s - +18 shield of the Gong {rElec rN+ Will+ EV-5}
rNeg    + . .      Spirit   +   e - +0 plate armour
rPois   +          Reflect  .   (helmet restricted)
rElec   +          Harm     .   A - scarf {repulsion}
rCorr   +          Rampage  .   l - +0 pair of gloves
Will    ++...      NoTele   +   b - +2 pair of boots
Stlth   ..........              y - amulet of guardian spirit
HPRegen 0.24/turn               u - ring of willpower
MPRegen 0.14/turn               g - ring of protection from fire

@: mighty, resistant, repel missiles
A: horns 2, repulsion field 2, powered by pain 1, spiny 2
a: Renounce Religion, Heroism, Finesse, Duel


You were in a Gauntlet.
You worshipped Okawaru.
Okawaru was extremely pleased with you.
You visited 3 branches of the dungeon, and saw 12 of its levels.
You also visited: Gauntlet.

You collected 606 gold pieces.
You spent 98 gold pieces at shops.

Inventory:

Hand Weapons
 r - a +6 whip of electrocution (weapon)
Missiles
 x - 19 poisoned darts (quivered)
 z - 2 curare-tipped darts
Armour
 b - a +2 pair of boots (worn)
 e - a +0 plate armour (worn)
 l - a +0 pair of gloves (worn)
 s - the +18 shield of the Gong (worn) {rElec rN+ Will+ EV-5}
   (You found it on level 8 of the Dungeon)

   It is deafeningly noisy when blocking attacks.
   EV:        It affects your evasion (-5).
   rElec:     It insulates you from electricity.
   rN:        It protects you from negative energy.
   Will:      It increases your willpower.
 A - a scarf of repulsion (worn)
Jewellery
 a - a ring of see invisible
 g - a ring of protection from fire (right hand)
 q - a ring of flight
 u - a ring of willpower (left hand)
 y - an amulet of guardian spirit (around neck)
Wands
 t - a wand of digging (7)
 D - a wand of paralysis (6)
 J - a wand of flame (8)
Scrolls
 j - 9 scrolls of teleportation
 n - 2 scrolls of fog
 B - a scroll of acquirement {unknown}
 C - 2 scrolls of fear {unknown}
 G - 2 scrolls of enchant armour
 H - a scroll of blinking {unknown}
Potions
 f - 2 potions of brilliance
 h - a potion of attraction
 i - a potion of ambrosia
 k - a potion of flight


   Skills:
 + Level 5.0 Fighting
 + Level 12.0 Maces & Flails
 - Level 1.7 Throwing
 * Level 8.6 Armour
 - Level 2.6 Dodging
 * Level 8.6 Shields
 * Level 4.3 Invocations
 * Level 6.4 Evocations


You had 11 spell levels left.
You didn't know any spells.
Your spell library contained the following spells:

 Spells                   Type           Power      Damage    Failure   Level
 Foxfire                  Conj/Fire      0%         2x1d4     100%        1
 Freeze                   Ice            0%         1d3       100%        1
 Magic Dart               Conj           0%         1d3       100%        1
 Ensorcelled Hibernation  Hex/Ice        0%         N/A       100%        2
 Searing Ray              Conj           0%         2d4       100%        2
 Dazzling Flash           Conj/Hex       0%         N/A       100%        3
 Frozen Ramparts          Ice            0%         1d2       100%        3
 Inner Flame              Hex/Fire       0%         N/A       100%        3
 Ozocubu's Armour         Ice            0%         N/A       100%        3
 Spider Form              Tmut/Pois      0%         N/A       100%        3
 Anguish                  Hex/Necr       0%         N/A       100%        4
 Cause Fear               Hex            0%         N/A       100%        4
 Fulminant Prism          Conj/Hex       0%         3d6       100%        4
 Hailstorm                Conj/Ice       0%         3d3       100%        4
 Agony                    Necr           0%         N/A       100%        5
 Metabolic Englaciation   Hex/Ice        0%         N/A       100%        5
 Silence                  Hex/Air        0%         N/A       100%        5
 Starburst                Conj/Fire      0%         6d3       100%        6
 Dragon Form              Tmut           0%         N/A       100%        7
 Simulacrum               Ice/Necr       Unusable   N/A       N/A         6
 Dragon's Call            Summ           Unusable   N/A       N/A         9

Dungeon Overview and Level Annotations

Branches:
Dungeon (10/15)            Temple (1/1) D:5            Lair (1/6) D:10
    Orc (0/2) D:10        Gauntlet (1/1)

Altars:
Ashenzari
Cheibriados
Dithmenos
Elyvilon
Fedhas
Gozag
Hepliaklqana
Kikubaaqudgha
Makhleb
Nemelex Xobeh
Okawaru
Qazlal
Ru
Sif Muna
Trog
Uskayaw
Vehumet
Wu Jian
Xom
Yredelemnul
Zin
The Shining One
Lugonu

Shops:
D:4 *   D:5 (**(   D:6 :   D:8 [

Annotations:
Gauntlet 6 transporters


Innate Abilities, Weirdness & Mutations

You have a pair of horns on your head.
You are surrounded by a moderate repulsion field. (EV +3)
You sometimes gain a little power by taking damage.
You are mostly covered in sharp spines.


Message History

The minotaur blocks your attack.
The minotaur is moderately wounded.
You block the minotaur's attack.
SHROANNG!
The minotaur gores you.
* * * LOW HITPOINT WARNING * * *
You hit the minotaur.
The minotaur is heavily wounded.
The minotaur blocks your attack.
The minotaur is heavily wounded.
The minotaur hits you with a +2 morningstar of flaming!
* * * LOW HITPOINT WARNING * * *
The minotaur burns you. You block the minotaur's attack.
PTOANNNG!
Unknown command.
You hit the minotaur.
You headbutt the minotaur, but do no damage.
The minotaur is heavily wounded.
You block the minotaur's attack.
PTOANNNG!
You block the minotaur's attack.
GONNNNG!
You hit the minotaur but do no damage.
The minotaur is heavily wounded.
Unknown command.
You hit the minotaur.
The minotaur is heavily wounded.
You block the minotaur's attack.
GONNNNG!
You block the minotaur's attack.
PANG!
Unknown command.
The minotaur blocks your attack. x2
The minotaur is heavily wounded.
You hit the minotaur.
The minotaur is heavily wounded.
You block the minotaur's attack.
GONNNNG!
The minotaur gores you.
You die...

###..###########...###########
#8#§§.........................
###§............≈∩≈...........
############################
#8# #≈...............≈# #8 ###
#8.8.8..©.©..8.8.8# ##
#≈...............≈#
###.#.#######.#.### #.#@...#
..#.# #H##.# ... .. .#..# ##
#.#..# # ...# #8.# ####


You could see a minotaur.

Vanquished Creatures
  A hydra (Lair:1)
  6 death yaks (Lair:1)
  A two-headed ogre (D:10)
  A soul eater (Gauntlet)
  2 glowing orange brains (Gauntlet)
  An oklob plant (D:9)
  A manticore (D:10)
  An ugly thing (Gauntlet)
  A black mamba (Lair:1)
  2 vault sentinels (D:8)
  2 cane toads (Lair:1)
  3 komodo dragons
  3 blink frogs (Lair:1)
  6 yaks (D:9)
  3 wyverns
  A steam dragon (D:8)
  2 swamp worms (Gauntlet)
  2 acid dragons (D:10)
  6 water moccasins
  A black bear (D:5)
  6 orc warriors
  2 sky beasts
  2 ice beasts
  An ogre (D:6)
  A hornet zombie (D:6)
  5 wolves (Lair:1)
  3 kobold brigands
  4 bullfrogs
  4 scorpions
  2 water moccasin zombies
  A water moccasin skeleton (D:5)
  3 killer bees (D:10)
  9 wights
  6 electric eels
  5 centaur zombies
  4 hounds
  8 jellies
  11 orc priests
  A gnoll shaman (D:5)
  Ijyb (D:3)
  10 orc wizards
  Natasha (D:3)
  4 iguanas
  A hound zombie (D:5)
  A hound skeleton (D:4)
  Robin (D:3)
  4 gnolls (D:5)
  3 adders
  4 shadow imps
  3 white imps
  2 dart slugs
  39 orcs
  4 ball pythons (D:1)
  4 bats
  19 endoplasms
  2 giant cockroaches
  17 goblins
  4 hobgoblins
  6 jackals (D:1)
  A quokka (D:4)
  A frilled lizard (D:1)
  16 kobolds
  5 rats (D:1)
277 creatures vanquished.

Vanquished Creatures (others)
  An orc wizard (D:6)
  2 demonic plants (Gauntlet)
  11 fungi
  19 plants
33 creatures vanquished.

Grand Total: 310 creatures vanquished

Notes
Turn   | Place    | Note
-------+----------+-------------------------------------------
     0 | D:1      | Araneus the Demonspawn Gladiator began the quest for the
                  | Orb.
     0 | D:1      | Reached XP level 1. HP: 16/16 MP: 1/1
    65 | D:1      | Reached skill level 3 in Maces & Flails
   194 | D:1      | Gained mutation: You are partially covered in sharp spines.
                  | [demonic ancestry]
   194 | D:1      | Reached XP level 2. HP: 20/22 MP: 2/2
   682 | D:1      | Reached XP level 3. HP: 27/27 MP: 3/3
   774 | D:1      | Reached skill level 4 in Maces & Flails
  1578 | D:2      | Found a broken altar of Ashenzari.
  1737 | D:3      | Noticed Ijyb
  1753 | D:3      | Killed Ijyb
  1818 | D:3      | Gained mutation: You are surrounded by a mild repulsion
                  | field. (EV +2) [demonic ancestry]
  1818 | D:3      | Reached XP level 4. HP: 33/33 MP: 4/4
  1842 | D:3      | Found a radiant altar of Vehumet.
  1876 | D:3      | Noticed Robin
  1903 | D:3      | Killed Robin
  2253 | D:3      | Found a shadowy altar of Dithmenos.
  2261 | D:3      | Reached skill level 5 in Maces & Flails
  2307 | D:3      | Noticed Natasha
  2319 | D:3      | Killed Natasha
  2320 | D:3      | Reached XP level 5. HP: 3/38 MP: 5/5
  2616 | D:3      | Found a broken altar of Ashenzari.
  2882 | D:4      | Found Waefok's Lightly-Used Armoury.
  3004 | D:4      | Noticed a water moccasin
  3015 | D:4      | Killed a water moccasin
  3016 | D:4      | Reached skill level 6 in Maces & Flails
  3299 | D:4      | Reached XP level 6. HP: 44/44 MP: 6/6
  3699 | D:4      | Reached skill level 7 in Maces & Flails
  3927 | D:4      | Found a bloodstained altar of Trog.
  4119 | D:5      | Entered Level 5 of the Dungeon
  4161 | D:5      | Gained mutation: You have a pair of small horns on your
                  | head. [demonic ancestry]
  4161 | D:5      | Reached XP level 7. HP: 43/50 MP: 7/7
  4253 | D:5      | Found Zikhluu's Weapon Emporium.
  4287 | D:5      | Found a staircase to the Ecumenical Temple.
  4293 | Temple   | Entered the Ecumenical Temple
  4437 | D:5      | Reached skill level 8 in Maces & Flails
  4863 | D:5      | Found Daziwo Qelu's General Store.
  4866 | D:5      | Bought a potion of heal wounds for 70 gold pieces
  4866 | D:5      | Bought a scroll of identify for 28 gold pieces
  5002 | D:5      | Found Ajutunn's Antique Weapon Emporium.
  5150 | D:5      | You fall into a shaft and drop 3 floors!
  5292 | D:7      | Reached skill level 9 in Maces & Flails
  5292 | D:7      | Gained mutation: You sometimes gain a little power by
                  | taking damage. [demonic ancestry]
  5292 | D:7      | Reached XP level 8. HP: 52/56 MP: 8/8
  5486 | D:6      | Found Vimiul's Book Shoppe.
  5777 | D:5      | Found Pyameaf's General Store.
  6460 | D:6      | Reached skill level 10 in Maces & Flails
  6843 | D:6      | Reached skill level 1 in Armour
  7000 | D:6      | Reached skill level 1 in Evocations
  7473 | D:6      | Gained mutation: You are mostly covered in sharp spines.
                  | [demonic ancestry]
  7473 | D:6      | Reached XP level 9. HP: 25/58 MP: 4/9
  9389 | D:7      | Found a sacrificial altar of Ru.
  9788 | D:8      | Found a shimmering blue altar of Sif Muna.
  9801 | D:8      | Found Hucy's Antique Armour Emporium.
  9893 | D:8      | Reached skill level 5 in Armour
 10049 | D:8      | Noticed a vault sentinel
 10049 | D:8      | Noticed a vault sentinel
 10085 | D:8      | Killed a vault sentinel
 10092 | D:8      | Killed a vault sentinel
 10120 | D:8      | Found the +18 shield of the Gong {rElec rN+ Will+ EV-5}
 10253 | D:8      | Found an ornate altar of the Wu Jian Council.
 10564 | D:9      | Reached skill level 11 in Maces & Flails
 10568 | D:9      | Gained mutation: You are surrounded by a moderate repulsion
                  | field. (EV +3) [demonic ancestry]
 10568 | D:9      | Reached XP level 10. HP: 51/70 MP: 7/10
 10690 | D:9      | Found an iron altar of Okawaru.
 10699 | D:9      | Noticed a +0 falchion
 10699 | D:9      | Noticed a +0 dagger
 10736 | D:9      | Reached skill level 1 in Shields
 10774 | D:9      | Became a worshipper of Warmaster Okawaru
 10849 | D:9      | Got the Tome of the Arsonist
 10953 | D:9      | Noticed an oklob plant
 10976 | D:9      | Reached * piety under Okawaru
 11557 | D:9      | Noticed a +0 dagger
 11557 | D:9      | Noticed a +0 short sword
 11557 | D:9      | Noticed a +0 falchion
 11558 | D:9      | Noticed a +0 short sword
 11558 | D:9      | Noticed a +0 spear
 11558 | D:9      | Noticed a +0 spear
 11564 | D:9      | Found a hide-covered altar of Uskayaw.
 12022 | D:9      | Killed an oklob plant
 12206 | D:10     | Entered Level 10 of the Dungeon
 12385 | D:10     | Noticed a manticore
 12404 | D:10     | Killed a manticore
 12404 | D:10     | Reached ** piety under Okawaru
 12685 | D:10     | Found a staircase to the Orcish Mines.
 12980 | D:10     | Found a stormy altar of Qazlal.
 12980 | D:10     | Found an ancient bone altar of Kikubaaqudgha.
 12992 | D:10     | Reached skill level 5 in Evocations
 13086 | D:10     | Reached skill level 5 in Shields
 13086 | D:10     | Gained mutation: You have a pair of horns on your head.
                  | [demonic ancestry]
 13086 | D:10     | Reached XP level 11. HP: 77/77 MP: 11/11
 13185 | D:10     | Reached *** piety under Okawaru
 13194 | D:10     | Noticed a two-headed ogre
 13207 | D:10     | Killed a two-headed ogre
 13265 | D:10     | Found a staircase to the Lair.
 13571 | Lair:1   | Entered Level 1 of the Lair of Beasts
 13608 | Lair:1   | Noticed a five-headed hydra
 13609 | Lair:1   | Noticed a death yak
 13610 | Lair:1   | Noticed a death yak
 13611 | Lair:1   | Noticed a death yak
 13611 | Lair:1   | Noticed a death yak
 13613 | Lair:1   | Noticed a death yak
 13614 | Lair:1   | Killed a five-headed hydra
 13615 | Lair:1   | Reached skill level 1 in Invocations
 13632 | Lair:1   | Noticed a death yak
 13644 | Lair:1   | Killed a death yak
 13644 | Lair:1   | Reached **** piety under Okawaru
 13650 | Lair:1   | Killed a death yak
 13659 | Lair:1   | Killed a death yak
 13672 | Lair:1   | Killed a death yak
 13672 | Lair:1   | Reached ***** piety under Okawaru
 13682 | Lair:1   | Killed a death yak
 13691 | Lair:1   | Killed a death yak
 13714 | Lair:1   | Received a gift from Okawaru
 13794 | Lair:1   | Reached XP level 12. HP: 60/85 MP: 14/14
 13827 | Lair:1   | Found a gate leading to a gauntlet.
 13836 | Gauntlet | Entered a Gauntlet
 13836 | Gauntlet | Found a transporter.
 13836 | Gauntlet | Found a transporter.
 13836 | Gauntlet | Found a transporter.
 13837 | Gauntlet | Found a transporter.
 13841 | Gauntlet | Found a transporter.
 13857 | Gauntlet | Found a transporter.
 13861 | Gauntlet | Found a transporter.
 13879 | Gauntlet | Found a transporter.
 13975 | Gauntlet | Found a transporter.
 13985 | Gauntlet | Found a transporter.
 13989 | Gauntlet | Found a transporter.
 13999 | Gauntlet | Found a transporter.
 14107 | Gauntlet | Reached skill level 5 in Fighting
 14128 | Gauntlet | Identified the +5 hand axe of Jyin {protect, rC+ rN+ Will+
                  | Int-3}
 14158 | Gauntlet | Reached skill level 12 in Maces & Flails
 14176 | Gauntlet | Identified the +0 kite shield of Past Mistakes {Dex+3
                  | Stlth+}
 14176 | Gauntlet | Noticed a minotaur
 14201 | Gauntlet | HP: 1/86 [minotaur (7)]
 14206 | Gauntlet | Slain by a minotaur

Illustrated notes

Levels and vault maps discovered:
D:1:      shiori_shiawase, layout_rooms, minmay_pentomino_o4
D:2:      layout_basic, basic_altar
D:3:      layout_basic, vehumet_altar_wand_db, mainiacjoe_overflow_24_doors,
          mainiacjoe_overflow_catwalk, lemuel_crystal_altar, uniq_robin,
          uniq_natasha, uniq_ijyb
D:4:      layout_loops_ring, mainiacjoe_overflow_six_doors_small,
          kennysheep_mini, chequers_serial_rivers_micro_d, minmay_shop_damaged
D:5:      layout_loops_corners, minmay_temple_entry_hall, serial_shops, shop,
          nicolae_shop_waterfront, nicolae_inconvenience_store, shop,
          kennysheep_crisscross, kennysheep_generic_room_4
D:6:      wad_lake_hut, layout_layer_cave, corexii_hall_statues_u,
          nrook_mini_vaults, nicolae_stop_n_shop_1
D:7:      layout_basic, nicolae_ru_the_path_less_chosen
D:8:      layout_loops_ring, nicolae_sif_muna_condensation,
          kennysheep_little_box, nicolae_wu_jian_immortal_techniques,
          serial_shops, nicolae_shop_stone, hellmonk_guarded_unrand_gong
D:9:      lemuel_slime, layout_basic, nicolae_uskayaw_en_pointe,
          mainiacjoe_overflow_small_starburst, minmay_crystal_room,
          minmay_hedge_maze
D:10:     layout_loops_ring, mainiacjoe_overflow_divided_tiny, erik_lair_dragon,
          hiddenorc2_lemuel
Temple:   corrupted_temple
Lair:1:   layout_cave_pods, gauntlet_entry_generic
Gauntlet: gammafunk_gauntlet_hard_choice [nicolae_gauntlet_arena_quarters,
          nicolae_gauntlet_arena_flowing_pool, nicolae_gauntlet_arena_grate_2,
          gammafunk_gauntlet_arena_spirals, nicolae_gauntlet_arena_blocks,
          gammafunk_gauntlet_arena_mazey,
          nicolae_gauntlet_exit_dead_adventurers]

Skill      XL: |  1  2  3  4  5  6  7  8  9 10 11 12 |
---------------+-------------------------------------+-----
Maces & Flails | 3 4 5 6 7 9 10 11 12 | 12.0
Armour         | 2 6 7 8 |  8.6
Evocations     | 1 3 5 6 |  6.4
Fighting       | 3 4 5 |  5.0
Shields        | 5 7 8 |  8.6
Invocations    | 3 4 |  4.3
Throwing       | |  1.7
Dodging        | |  2.6

Action                   |  1- 3 |  4- 6 |  7- 9 | 10-12 || total
-------------------------+-------+-------+-------+-------++-------
Melee: Flail             |    73 |   106 |   165 |       ||   344
       Punch             |       |     2 |     2 |       ||     4
       Headbutt          |       |       |    45 |   126 ||   171
       Whip              |       |       |    84 |   479 ||   563
Evoke: Wand              |       |       |    16 |     4 ||    20
  Use: Potion            |       |     2 |     6 |     5 ||    13
       Scroll            |       |       |    12 |    10 ||    22
 Stab: Sleeping          |     2 |       |       |       ||     2
       Invisible         |       |       |     2 |       ||     2
Armor: Leather armour    |     9 |       |       |       ||     9
       Ring mail         |    20 |       |       |       ||    20
       Scale mail        |       |    48 |    65 |       ||   113
       Plate armour      |       |       |     5 |    47 ||    52
Dodge: Dodged            |    51 |    54 |    96 |    15 ||   216
       Repelled          |       |       |     2 |       ||     2
Block: Kite shield       |       |       |    15 |   343 ||   358
